 Dungeon Crawl Stone Soup version 0.23.0-33-g5e6c059 (webtiles) character file.

Game seed: 6447702454688055709

1430 ohad the Changer (level 8, -8/57 HPs)
             Began as an Octopode Transmuter on Feb 26, 2019.
             Was an Initiate of Gozag.
             Killed from afar by a steam dragon (30 damage)
             ... with a ball of steam
             ... on level 7 of the Dungeon.
             The game lasted 00:16:07 (7377 turns).

ohad the Changer (Octopode Transmuter)              Turns: 7377, Time: 00:16:08

Health: -8/57      AC:  6    Str: 10    XL:     8   Next: 73%
Magic:  14/14      EV: 10    Int: 20    God:    Gozag
Gold:   81         SH:  0    Dex: 15    Spells: 0/15 levels left

rFire    x . .     SeeInvis .     - Unarmed
rCold    + + +     Gourm    .   (shield currently unavailable)
rNeg     . . .     Faith    .   (helmet currently unavailable)
rPois    +         Spirit   .   (no amulet)
rElec    .         Reflect  .   h - ring of resist corrosion
rCorr    +         Harm     .   l - +3 ring of dexterity
MR       .....                  q - ring "Lyqoshre" {rC+ Int+3}
Stlth    +.........             (no ring)
HPRegen  0.19/turn              (no ring)
MPRegen  0.14/turn              (no ring)
                                (no ring)
                                (no ring)

@: ice-form, gold aura
A: large, almost no armour, stealthy swim, amphibious, 8 rings, (constrict 8)
a: End Transformation, Potion Petition, Call Merchant, Bribe Branch, Renounce
Religion


You were on level 7 of the Dungeon.
You worshipped Gozag.
Gozag was noncommittal.
You were not hungry.
You were a creature of crystalline ice.
You visited 2 branches of the dungeon, and saw 8 of its levels.

You collected 392 gold pieces.
You spent 142 gold pieces at shops.
You paid 169 gold pieces to Gozag.

Inventory:

Hand Weapons
 z - a +1 dagger of venom
Missiles
 a - 98 arrows
 f - 18 poisoned needles
Jewellery
 h - a ring of resist corrosion (left front paw)
 l - a +3 ring of dexterity (right front paw)
 q - the ring "Lyqoshre" (on tentacle) {rC+ Int+3}
   (You found it on level 4 of the Dungeon)

   [ring of intelligence]

   It affects your intelligence (+3).
   It protects you from cold.
 w - a +5 ring of dexterity
 y - an uncursed amulet of the gourmand {unknown}
Wands
 r - a wand of polymorph (5)
Scrolls
 e - 3 scrolls of magic mapping
 i - 2 scrolls of enchant armour {unknown}
 j - 2 scrolls of amnesia {unknown}
 m - 7 scrolls of remove curse
 o - 2 scrolls of fog
 s - 2 scrolls of fear {unknown}
 t - a scroll of teleportation
 v - a scroll of blinking {unknown}
 x - a scroll of brand weapon {unknown}
Potions
 b - 5 potions of curing
 d - 2 potions of heal wounds
 g - 2 potions of might
 k - 3 potions of mutation
 n - a potion of haste {unknown}
 p - a potion of ambrosia {unknown}
 u - 3 potions of agility
Comestibles
 c - 5 rations


   Skills:
 - Level 1.0 Fighting
 - Level 2.0 Dodging
 + Level 6.0 Unarmed Combat
 - Level 4.1 Spellcasting
 - Level 7.4 Transmutations
 - Level 3.6 Ice Magic


You couldn't memorise any spells.
You knew the following spells:

 Your Spells              Type           Power        Failure   Level  Hunger
a - Beastly Appendage     Tmut           ####..       1%          1    None
b - Sticks to Snakes      Tmut           ####....     1%          2    #......
c - Spider Form           Tmut/Pois      ###.......   9%          3    ###....
d - Ice Form              Ice/Tmut       ####....     13%         4    ####...
e - Blade Hands           Tmut           ####......   17%         5    ######.

Your spell library contained the following spells:

 Spells                   Type           Power        Failure   Level  Hunger
 Animate Skeleton         Necr           N/A          13%         1    None
 Pain                     Necr           #...         13%         1    None
 Regeneration             Chrm/Necr      #.........   36%         3    ###....
 Vampiric Draining        Necr           #.........   36%         3    ###....
 Animate Dead             Necr           N/A          77%         4    ####...


Dungeon Overview and Level Annotations

Branches:
Dungeon (7/15)             Temple (1/1) D:7

Altars:
Dithmenos
Gozag
Hepliaklqana
Makhleb
Qazlal
Ru
Uskayaw
Yredelemnul
Zin

Shops:
D:7 ?

Annotations:
D:3 Grinder


Innate Abilities, Weirdness & Mutations

You cannot wear most types of armour.
You are very stealthy in the water. (Stealth+)
You are amphibious.
You can wear up to eight rings at the same time.
((You can use your tentacles to constrict eight enemies at once.))
((Your skin changes colour to match your surroundings (Stealth+).))
((Your rubbery body absorbs attacks. (AC +1, EV +1)))


Message History

You punch the sky beast! You freeze the sky beast.
The sky beast is almost dead.
The sky beast hits you. The sky beast shocks you.
You punch the sky beast! You freeze the sky beast.
You kill the sky beast!
Your Unarmed Combat skill increases to level 6!
You punch the insubstantial wisp! You freeze the insubstantial wisp.
The insubstantial wisp is severely damaged.
The insubstantial wisp hits you!
The insubstantial wisp blinks!
The insubstantial wisp blinks!
You punch something! You freeze something.
A sky beast comes into view.
Something hits you but does no damage.
You hit something but do no damage. Something hits you. Something shocks you.
The steam dragon breathes steam at you.
The ball of steam hits something!
The ball of steam hits you!! The steam scalds you terribly!
Ouch! That really hurt!
You die...
Your body crumbles into a pile of gold.

# #.# ##.#...... #. ..#
#....._.. #. ####
#.#...... # #. #.#......
###. #. #.##.....
#...##. ######.####.##
.....#.######
#.....).......
.....Y.D${§.#
#.######.####.
≈≈≈#...v###Y###.# #.# #.
≈≈≈≈.....#...##.######.#
#.
..≈§§#.v.#.<........##.#
#.
$..§§≈...#...##.###.##.#
##
##$.≈≈..#######.###.##.#
$#$#≈≈..# #........#
$##D{≈..# #####.####
.??≈≈..# #..# ###
≈..§§§... ###.## #>.


There were no monsters in sight!

Vanquished Creatures
  Eustachio (D:5)
  Edmund (D:6)
  A water moccasin (D:6)
  2 sky beasts (D:7)
  An ice beast (D:6)
  2 centaurs
  2 bullfrogs (D:7)
  A crimson imp (D:5)
  A bullfrog zombie (D:4)
  An orc priest (D:6)
  2 orc wizards
  4 worker ants
  A hound zombie (D:5)
  A hound skeleton (D:5)
  Robin (D:3)
  2 gnolls (D:5)
  7 adders
  2 oozes
  2 adder skeletons (D:4)
  2 worms
  2 dart slugs
  2 leopard geckos
  10 orcs
  A ball python (D:2)
  3 giant cockroaches
  15 goblins
  15 hobgoblins
  5 jackals
  A quokka (D:2)
  8 bats
  8 frilled lizards
  4 kobolds
  8 rats
119 creatures vanquished.

Vanquished Creatures (collateral kills)
  A scorpion (D:4)
  A gnoll (D:5)
2 creatures vanquished.

Grand Total: 121 creatures vanquished

Notes
Turn   | Place    | Note
-------+----------+-------------------------------------------
     0 | D:1      | ohad the Octopode Transmuter began the quest for the Orb.
     0 | D:1      | Reached XP level 1. HP: 13/13 MP: 3/3
   535 | D:1      | Reached XP level 2. HP: 17/18 MP: 3/5
   674 | D:1      | Reached skill level 3 in Transmutations
   900 | D:1      | Reached XP level 3. HP: 22/23 MP: 4/6
   904 | D:1      | Learned a level 2 spell: Sticks to Snakes
   908 | D:1      | Learned a level 3 spell: Spider Form
  1329 | D:2      | Found a hazy altar of Hepliaklqana.
  1617 | D:2      | Reached skill level 4 in Transmutations
  1621 | D:2      | Reached XP level 4. HP: 18/28 MP: 5/7
  2331 | D:3      | Noticed Grinder
  2394 | D:2      | Reached skill level 5 in Transmutations
  2458 | D:2      | Reached XP level 5. HP: 26/33 MP: 4/8
  2521 | D:3      | Noticed Robin
  2529 | D:3      | Killed Robin
  2976 | D:4      | Noticed a +0 dagger
  2976 | D:4      | Noticed a +0 dagger
  2983 | D:4      | Found a hide-covered altar of Uskayaw.
  3228 | D:4      | Noticed a phantom
  3468 | D:4      | Got a faintly glowing amber ring
  3469 | D:4      | Identified the ring "Lyqoshre" {rC+ Int+3} (You found it on
                  | level 4 of the Dungeon)
  3644 | D:4      | Reached skill level 6 in Transmutations
  3644 | D:4      | Reached XP level 6. HP: 29/38 MP: 0/9
  3858 | D:4      | Found a shadowy altar of Dithmenos.
  3943 | D:5      | Entered Level 5 of the Dungeon
  4347 | D:5      | Noticed Eustachio
  4378 | D:5      | Killed Eustachio
  4378 | D:5      | Reached skill level 7 in Transmutations
  4378 | D:5      | Reached XP level 7. HP: 19/43 MP: 3/10
  4399 | D:5      | Learned a level 4 spell: Ice Form
  4570 | D:5      | Reached skill level 1 in Ice Magic
  5306 | D:6      | Found a stormy altar of Qazlal.
  5778 | D:6      | Found a burning altar of Makhleb.
  5778 | D:6      | Noticed a balrug
  5781 | D:6      | Noticed a neqoxec
  5781 | D:6      | Noticed an orange demon
  5834 | D:6      | Noticed Edmund
  6344 | D:6      | Killed Edmund
  6344 | D:6      | Reached XP level 8. HP: 22/48 MP: 9/13
  6844 | D:7      | Learned a level 5 spell: Blade Hands
  6933 | D:7      | Found Lynug's Magic Scroll Shoppe.
  6941 | D:7      | Bought a scroll of fog for 30 gold pieces
  6941 | D:7      | Bought a scroll of magic mapping for 52 gold pieces
  6941 | D:7      | Bought a scroll of identify for 30 gold pieces
  6941 | D:7      | Bought a scroll of identify for 30 gold pieces
  6952 | D:7      | Found a glowing silver altar of Zin.
  7244 | D:7      | Reached skill level 5 in Unarmed Combat
  7245 | D:7      | Found a staircase to the Ecumenical Temple.
  7259 | Temple   | Entered the Ecumenical Temple
  7280 | Temple   | Became a worshipper of Gozag Ym Sagoz the Greedy
  7377 | D:7      | Killed from afar by a steam dragon

Skill      XL: |  1  2  3  4  5  6  7  8 |
---------------+-------------------------+-----
Transmutations | 3 4 5 6 7 |  7.4
Ice Magic      | 3 |  3.6
Spellcasting   | 3 4 |  4.1
Unarmed Combat | 6 |  6.0
Fighting       | |  1.0
Dodging        | |  2.0

Action                   |  1- 3 |  4- 6 |  7- 9 || total
-------------------------+-------+-------+-------++-------
Melee: Unarmed           |    95 |   144 |   102 ||   341
       Kick              |    16 |    12 |       ||    28
       Constrict         |    21 |    24 |     4 ||    49
       Tentacles         |     5 |    19 |     3 ||    27
       Punch             |     1 |     3 |       ||     4
 Cast: Beastly Appendage |    14 |     9 |     1 ||    24
       Spider Form       |       |     9 |     6 ||    15
       Sticks to Snakes  |       |     5 |     1 ||     6
       Ice Form          |       |       |     6 ||     6
 Abil: End Transformatio |       |       |     1 ||     1
  Use: Potion            |       |     2 |     1 ||     3
       Scroll            |       |     5 |     3 ||     8
 Stab: Sleeping          |     7 |     9 |     2 ||    18
       Distracted        |       |     2 |       ||     2
  Eat: Chunk             |     2 |     7 |     9 ||    18
       Ration            |       |     1 |     1 ||     2
Armor: Skin              |    14 |    13 |    14 ||    41
Dodge: Dodged            |    55 |   120 |    72 ||   247
